 Dungeon Crawl Stone Soup version 0.28-a0-779-g3d1f99b579 (webtiles) character file.

Game seed: 10320301201909564871

71 ytrimaz the Skirmisher (level 4, -2/35 HPs)
             Began as a Demonspawn Fighter on Nov 2, 2021.
             Killed from afar by an orc wizard (5 damage)
             ... with a magic dart
             ... on level 3 of the Dungeon.
             The game lasted 00:02:05 (2120 turns).

ytrimaz the Skirmisher (Demonspawn Fighter)         Turns: 2120, Time: 00:02:05

Health: -2/35      AC:  6    Str: 17    XL:     4   Next: 5%
Magic:  4/4        EV:  9    Int:  9    God:
Gold:   76         SH:  0    Dex: 13    Spells: 4/4 levels left

rFire   . . .      SeeInvis .   l - +0 quick blade
rCold   . . .      Faith    .   c - +0 buckler
rNeg    . . .      Spirit   .   b - +0 scale mail
rPois   .          Reflect  .   (no helmet)
rElec   .          Harm     .   (no cloak)
rCorr   .          Rampage  .   (no gloves)
Will    .....                   (no boots)
Stlth   ..........              (no amulet)
HPRegen 0.11/turn               (no ring)
MPRegen 0.09/turn               (no ring)

@: confused, mighty
A: powered by pain 1
a: no special abilities


You were on level 3 of the Dungeon.
You visited 1 branch of the dungeon, and saw 3 of its levels.

You collected 76 gold pieces.

Inventory:

Hand Weapons
 a - a +0 rapier
 l - a +0 quick blade (weapon)
Armour
 b - a +0 scale mail (worn)
 c - a +0 buckler (worn)
Magical Staves
 m - a staff of conjuration
Jewellery
 g - a +6 ring of dexterity
 i - a ring of wizardry
Scrolls
 h - a scroll of enchant weapon {unknown}
 j - 2 scrolls of identify {unknown}
Potions
 e - 3 potions of lignification {unknown}
 f - 2 potions of mutation {unknown}
 k - a potion of heal wounds {unknown}


   Skills:
 * Level 3.4 Fighting
 * Level 2.5 Short Blades
 + Level 3.1 Armour
 * Level 1.0 Dodging
 + Level 2.9 Shields
 * Level 0.6 Spellcasting


You had 4 spell levels left.
You didn't know any spells.
Your spell library contained the following spells:

 Spells                   Type           Power      Damage    Failure   Level
 Passwall                 Tmut/Erth      0%         N/A       92%         2
 Swiftness                Air            0%         N/A       99%         3
 Invisibility             Hex            0%         N/A       100%        6


Dungeon Overview and Level Annotations

Branches:
Dungeon (3/15)

Altars:


Innate Abilities, Weirdness & Mutations

You sometimes gain a little power by taking damage.


Message History

You closely miss something. The orc barely misses you.
Something hits you but does no damage.
You closely miss something. You miss something.
The orc hits you with a +0 short sword. Something hits you but does no damage.
You miss something. The orc closely misses you.
Something hits you but does no damage.
You closely miss something. You hit something. The orc barely misses you.
You hear some strange, mumbled words.
A magic dart appears from out of thin air!
The magic dart hits you!
You barely miss something. You miss something. Something hits you.
The orc closely misses you.
You hit something. The orc hits you with a +0 short sword.
* * * LOW HITPOINT WARNING * * *
Something hits you but does no damage.
You miss something.
You feel very mighty all of a sudden. The orc hits you with a +0 short sword.
* * * LOW HITPOINT WARNING * * *
You hear some strange, mumbled words.
A magic dart appears from out of thin air!
The magic dart hits you.
* * * LOW HITPOINT WARNING * * *
You puncture something! The orc barely misses you.
You hear some strange, mumbled words.
You are confused.
Unknown command.
Unknown command.
Unknown command.
You bump into the rock wall.
Something hits you.
* * * LOW HITPOINT WARNING * * *
The orc closely misses you.
Unknown command.
You're too confused to move!
You hear some strange, mumbled words.
A magic dart appears from out of thin air!
The magic dart hits you.
You die...

### ###### #.#
##.##.### # #.#
#.......#
...##.#<###.......#
#.............o@..#
#..##.######.##{###
#. #..)...# #
#..#.#.# #..#.....
#..#.......
...#........
##..#........
#..#.#######


You could see an orc.

Vanquished Creatures
  An orc priest (D:3)
  A dart slug (D:1)
  A ball python (D:1)
  3 endoplasms (D:1)
  2 giant cockroaches (D:1)
  4 goblins (D:1)
  4 hobgoblins
  3 quokkas (D:1)
  5 bats
  2 frilled lizards
  3 kobolds (D:1)
  6 rats
35 creatures vanquished.

Notes
Turn   | Place    | Note
-------+----------+-------------------------------------------
     0 | D:1      | ytrimaz the Demonspawn Fighter began the quest for the Orb.
     0 | D:1      | Reached XP level 1. HP: 18/18 MP: 1/1
   363 | D:1      | Gained mutation: You sometimes gain a little power by
                  | taking damage. [demonic ancestry]
   363 | D:1      | Reached XP level 2. HP: 20/24 MP: 2/2
   929 | D:1      | You fall into a shaft and drop 1 floor!
   958 | D:2      | Reached XP level 3. HP: 28/29 MP: 3/3
  2095 | D:3      | Reached skill level 1 in Dodging
  2095 | D:3      | Reached XP level 4. HP: 29/35 MP: 4/4
  2120 | D:3      | Killed from afar by an orc wizard

Illustrated notes

Levels and vault maps discovered:
D:1:      enne_arrival_octagon_isle, layout_loops_corners,
          chequers_hall_statues_y
D:2:      layout_basic
D:3:      layout_basic, nicolae_overflow_hidden_temple, gammafunk_ghost_cemetery

Skill      XL: |  1  2  3 |
---------------+----------+-----
Short Blades   | 2 |  2.5
Armour         | 3 |  3.1
Dodging        | 1 |  1.0
Fighting       | |  3.4
Shields        | |  2.9
Spellcasting   | |  0.6

Action                   |  1- 3 |  4- 6 || total
-------------------------+-------+-------++-------
Melee: Rapier            |   108 |       ||   108
       Quick blade       |    31 |    19 ||    50
  Use: Potion            |       |     1 ||     1
Armor: Scale mail        |    59 |     8 ||    67
Dodge: Dodged            |    70 |     6 ||    76
Block: Buckler           |    36 |     1 ||    37

Table legend: (Time is in decaauts)
 A = Elapsed time spent in this place.
 B = Non-inter-level travel time spent in this place.
 C = Inter-level travel time spent in this place.
 D = Time resting spent in this place.
 E = Time spent auto-exploring this place.
 F = Levels seen in this place.
 G = Mean time per level.
                   A        B        C        D        E       F      G
               +--------+--------+--------+--------+--------+-----+--------+
         Total |   2115 |   1988 |    127 |      0 |   1677 |   3 |  705.0 |
       Dungeon |   2115 |   1988 |    127 |      0 |   1677 |   3 |  705.0 |
               +--------+--------+--------+--------+--------+-----+--------+

Top non-repeatable levels by time:
     D:1: 1382 daAuts
     D:2: 628 daAuts
     D:3: 105 daAuts
